 Dungeon Crawl Stone Soup version 0.24-a0-57-gac335f2 (webtiles) character file.

Game seed: 4655605777366696424

6 Amnesiac the Cutter (level 1, -1/11 HPs)
             Began as a Vine Stalker Monk on Feb 5, 2019.
             Slain by an adder (2 damage)
             ... on level 2 of the Dungeon.
             The game lasted 00:00:18 (198 turns).

Amnesiac the Cutter (Vine Stalker Monk)              Turns: 198, Time: 00:00:19

Health: -1/11      AC:  2    Str: 13    XL:     1   Next: 90%
Magic:  0/2        EV: 13    Int: 10    God:
Gold:   20         SH:  0    Dex: 16    Spells: 0/0 levels left

rFire    . . .     SeeInvis .   a - +0 short sword
rCold    . . .     Gourm    .   (no shield)
rNeg     . . .     Faith    .   b - +0 robe
rPois    .         Spirit   +   (no helmet)
rElec    .         Reflect  .   (no cloak)
rCorr    .         Harm     .   (no gloves)
MR       .....                  (no boots)
Stlth    ++........             (no amulet)
HPRegen  0.03/turn              (no ring)
MPRegen  0.08/turn              (no ring)

@: no status effects
A: fangs 2, magic shield, antimagic bite, no potion heal 3, rot immunity
a: no special abilities


You were on level 2 of the Dungeon.
You were not hungry.

You visited 1 branch of the dungeon, and saw 2 of its levels.

You collected 20 gold pieces.

Inventory:

Hand Weapons
 a - a +0 short sword (weapon)
Armour
 b - a +0 robe (worn)
Scrolls
 e - a scroll of identify {!r, unknown}
Potions
 d - a potion of lignification {!q, unknown}
Comestibles
 c - a ration


   Skills:
 + Level 2.8 Fighting
 * Level 3.0 Short Blades
 - Level 2.4 Dodging
 - Level 2.4 Stealth


You couldn't memorise any spells.
You didn't know any spells.
Your spell library was empty.

Dungeon Overview and Level Annotations

Branches:
Dungeon (2/15)

Altars:


Innate Abilities, Weirdness & Mutations

You have extremely sharp teeth.
When hurt, damage is shared between your health and your magic reserves.
Your bite disrupts and absorbs the magic of your enemies.
Potions cannot restore your health.
You are immune to rotting.


Message History

You puncture the hobgoblin!
You kill the hobgoblin!
You hit the dart slug. You bite the dart slug. You drain its power.
You feel invigorated.
The dart slug is severely wounded.
The dart slug closely misses you.
You hit the dart slug. You bite the dart slug.
You kill the dart slug!
No target in view!
No target in view!
No target in view!
The kobold is too close now for your liking.
A kobold is nearby!
The kobold shouts!
You hear an angry hiss.
The kobold barely misses you.
You hit the kobold.
You kill the kobold!
No target in view!
No target in view!
No target in view!
You start resting.
A frilled lizard comes into view.
A frilled lizard is nearby!
A frilled lizard is nearby!
A frilled lizard is nearby!
The frilled lizard hisses angrily.
The frilled lizard misses you.
Found a stone staircase leading down.
You hit the frilled lizard.
You kill the frilled lizard!
Your Short Blades skill increases to level 3!
No target in view!
No target in view!
No target in view!
There is a stone staircase leading down here.
You start resting.
HP restored.
You climb downwards.
There is a stone staircase leading up here.
Found 14 arrows.
You now have 20 gold pieces (gained 2).
Found a stone staircase leading down.
e - a scroll labeled TAGYUJ LACI {!r} An adder comes into view.
The adder hisses angrily.
You closely miss the adder. The adder misses you.
You hit the adder.
The adder is heavily wounded.
The adder bites you. The adder closely misses you.
You closely miss the adder.
The adder is heavily wounded.
The adder misses you.
You barely miss the adder.
The adder is heavily wounded.
The adder bites you.
* * * LOW HITPOINT WARNING * * *
You barely miss the adder.
The adder is heavily wounded.
The adder bites you.
* * * LOW HITPOINT WARNING * * *
You barely miss the adder.
The adder is heavily wounded.
The adder bites you.
You die...

#.. .. #... .. ...
#...####.# ....
#........# .....
.........# #+# .....
......... #.###.....
.......S#####.#....##+###
......$.@...............#
..###.########..##.##.#.#
# #..##.##.#.#
#..##.#..#.# #..##.#..#.#
#.....#..#.# #..........#
#.....##.... +...........


You could see an adder.

Vanquished Creatures
  A dart slug (D:1)
  A hobgoblin (D:1)
  A kobold (D:1)
  A frilled lizard (D:1)
4 creatures vanquished.

Notes
Turn   | Place    | Note
-------+----------+-------------------------------------------
     0 | D:1      | Amnesiac the Vine Stalker Monk began the quest for the Orb.
     0 | D:1      | Reached XP level 1. HP: 11/11 MP: 2/2
    67 | D:1      | Reached skill level 3 in Short Blades
   198 | D:2      | Slain by an adder

Vault maps used:
D:1:      scummos_arrival_gate

Skill      XL: |  1 |
---------------+----+-----
Short Blades   | 3 |  3.0
Fighting       | |  2.8
Dodging        | |  2.4
Stealth        | |  2.4

Action                   || total
-------------------------++-------
Melee: Short sword       ||    11
       Bite              ||     2
 Stab: Sleeping          ||     1
Dodge: Dodged            ||     6

Table legend:
 A = Non-vault XP
 B = Vault XP
 C = Vault XP percentage of total XP
 D = Non-vault monster count
 E = Vault monster count
 F = Vault count percentage of total count
                 A         B        C        D         E       F
            +---------+---------+-------+---------+---------+-------
      Total |       9 |       0 |   0.0 |       4 |       0 |   0.0
            +---------+---------+-------+---------+---------+-------
        D:1 |       9 |       0 |   0.0 |       4 |       0 |   0.0
            +---------+---------+-------+---------+---------+-------
